 Dungeon Crawl Stone Soup version 0.17-a0-2055-gb4e23be (webtiles) character file.

56 derrpe the Ogre Mage (level 3, 0/31 HPs)
             Began as an Ogre Wizard on Oct 11, 2015.
             Slain by a gnoll (7 damage)
             ... on level 1 of the Dungeon.
             The game lasted 00:04:08 (2471 turns).

derrpe the Ogre Mage (Ogre Wizard)                  Turns: 2471, Time: 00:04:08

Health: 0/31       AC:  3    Str: 12    XL:     3   Next: 95%
Magic:  0/8        EV:  9    Int: 18    God:
Gold:   30         SH:  0    Dex:  8    Spells: 4 memorised, 1 level left

rFire  + . .     SeeInvis .     f - +0 club
rCold  . . .     Clarity  .     a - +0 robe
rNeg   . . .     SustAt   .     (no shield)
rPois  .         Gourm    .     b - +0 hat
rElec  .         Spirit   .     (no cloak)
rCorr  .         Warding  .     (gloves unavailable)
rMut   .         Stasis   .     (boots unavailable)
MR     .....                    s - amulet of rage
Stlth  +.........               (no ring)
                                k - ring of protection from fire

@: repel missiles, not resistant to hostile enchantments, very unstealthy
A: unfitting armour, tough skin 1
a: Evoke Berserk Rage


You were on level 1 of the Dungeon.
You were hungry.

You visited 1 branch of the dungeon, and saw 2 of its levels.

You collected 30 gold pieces.

Inventory:

Hand Weapons
 f - a +0 club (weapon)
Missiles
 l - 41 stones (quivered)
 w - a throwing net
Armour
 a - a +0 robe (worn)
 b - a +0 hat (worn)
Jewellery
 k - a ring of protection from fire (left hand)
 s - an amulet of rage (around neck)
Scrolls
 g - a scroll of random uselessness {unknown}
 h - 2 scrolls of remove curse {unknown}
 j - a scroll of identify {unknown}
 p - a scroll of noise {unknown}
 r - a scroll of enchant armour {unknown}
Potions
 e - a potion of might {unknown}
 m - a potion of haste {unknown}
 n - a potion of flight {unknown}
 o - a potion of degeneration {unknown}
 q - a potion of beneficial mutation {unknown}
 t - 3 potions of curing {unknown}
 v - a potion of brilliance {unknown}
Books
 c - a book of Minor Magic

   Spells                             Type                      Level
   a - Magic Dart                     Conjuration                  1
   b - Blink                          Translocation                2
   c - Call Imp                       Summoning                    2
   d - Repel Missiles                 Charms/Air                   2
   e - Slow                           Hexes                        2
   f - Conjure Flame                  Conjuration/Fire             3
   g - Mephitic Cloud                 Conjuration/Poison/Air       3
Comestibles
 d - a bread ration {@e1}
 i - a beef jerky
 u - 5 chunks of flesh {@w0}


   Skills:
 - Level 1.7 Dodging
 - Level 1.5 Stealth
 + Level 3.6 Spellcasting
 * Level 2.5 Conjurations
   Level 0.6 Summonings
 - Level 0.6 Translocations
 + Level 0.3 Air Magic
 + Level 0.0 Poison Magic


You had one spell level left.
You knew the following spells:

 Your Spells              Type           Power        Failure   Level  Hunger
a - Magic Dart            Conj           ##..         8%          1    None
b - Repel Missiles        Chrm/Air       #.....       21%         2    ##.....
c - Blink                 Tloc           N/A          17%         2    ##.....
d - Mephitic Cloud        Conj/Pois/Air  #.......     34%         3    ###....


Dungeon Overview and Level Annotations

Branches:
Dungeon (2/15)

Altars:


Innate Abilities, Weirdness & Mutations

You are too large for most types of armour.
You have tough skin (AC +1).


Message History

Casting: Magic Dart
Confirm with . or Enter, or press ? or * to list all spells.
You don't have enough magic to cast that spell.
Casting: Magic Dart
Confirm with . or Enter, or press ? or * to list all spells.
You don't have enough magic to cast that spell.
Casting: Magic Dart
Confirm with . or Enter, or press ? or * to list all spells.
You don't have enough magic to cast that spell.
Casting: Magic Dart
Confirm with . or Enter, or press ? or * to list all spells.
You don't have enough magic to cast that spell.
Casting: Magic Dart
Confirm with . or Enter, or press ? or * to list all spells.
You don't have enough magic to cast that spell.
Casting: Magic Dart
Confirm with . or Enter, or press ? or * to list all spells.
You don't have enough magic to cast that spell.
The gnoll hits you!
You die...

####........# #....###...#####..#
..##...####.###..............#..#
..##...# #..##....#########.#..#
..##...# #..##....# #.#..#
..##...# #...#....# #.#..#
..##...# #.#.#.#.## #.#..#
..###### #.#.....# #.#### ..#
#.##..############.# # ..#
#.#..>@.[..........# # ..#
#.###g############## # ..# #.#
#.# # ..# #.# #.# # ..# #.# #.# #
### #.# #.# # #.# #.# #
###########.# #.# # ............#
#.# #


You could see a gnoll.

Vanquished Creatures
  A gnoll (D:1)
  A worm (D:2)
  A ball python (D:1)
  2 giant cockroaches (D:1)
  5 hobgoblins
  4 jackals (D:1)
  6 bats
  A giant newt (D:1)
  10 goblins
  6 kobolds
  7 rats
44 creatures vanquished.

Vanquished Creatures (others)
  A quokka (D:2)
1 creature vanquished.

Grand Total: 45 creatures vanquished

Notes
Turn   | Place    | Note
--------------------------------------------------------------
     0 | D:1      | derrpe the Ogre Wizard began the quest for the Orb.
     0 | D:1      | Reached XP level 1. HP: 16/16 MP: 5/5
    41 | D:1      | Reached skill level 1 in Conjurations
   377 | D:1      | Reached XP level 2. HP: 24/24 MP: 3/6
   929 | D:1      | Learned a level 2 spell: Repel Missiles
  1064 | D:1      | Reached XP level 3. HP: 27/31 MP: 0/8
  2005 | D:1      | Learned a level 2 spell: Blink
  2009 | D:1      | Learned a level 3 spell: Mephitic Cloud
  2471 | D:1      | Slain by a gnoll

Vault maps used:
D:1:      dpeg_arrival_round_b
D:2:      tso_oasis_becter, first_bread, elyvilon_altar_4

Action                   || total
-------------------------++-------
Melee: Unarmed           ||    12
       Club              ||     5
Throw: Stone             ||     1
 Cast: Magic Dart        ||   109
       Repel Missiles    ||     1
  Eat: Chunk             ||     4
